 Dungeon Crawl Stone Soup version 0.29-a0-664-gff9cad4a3d (webtiles) character file.

Game seed: 4140443416246311274

24696 vineage the Warrior (level 13, -2/92 HPs)
             Began as a Gargoyle Fighter on June 22, 2022.
             Was a High Priest of Okawaru.
             Blown up by a cacodemon (19 damage)
             ... with a bolt of energy
             ... on level 2 of the Abyss.
             The game lasted 00:21:30 (12679 turns).

vineage the Warrior (Gargoyle Fighter)             Turns: 12679, Time: 00:21:31

Health: -2/92      AC: 25    Str: 30    XL:     13   Next: 14%
Magic:  14/14      EV: 10    Int:  9    God:    Okawaru [*****.]
Gold:   753        SH:  5    Dex:  2    Spells: 12/12 levels left

rFire   . . .      SeeInvis .   d - +3 flail (holy)
rCold   . . .      Faith    .   c - +0 buckler
rNeg    + + +      Spirit   .   z - +0 scale mail of Complete Protection {rPois Str+5}
rPois   ∞          Reflect  .   b - +0 helmet
rElec   +          Harm     .   (no cloak)
rCorr   .          Rampage  .   e - +0 pair of gloves
Will    .....      Clarity  +   p - +2 pair of boots
Stlth   ..........              o - amulet of Ewnihuith {RegenMP rN++ Regen+ Dex-3 Stlth+}
HPRegen 1.05/turn               v - ring of flight
MPRegen 0.54/turn               (no ring)

@: on berserk cooldown, flying, slowed, very slow
A: sickness immunity, AC +9, negative energy resistance 1, electricity
resistance, torment resistance 1, petrification resistance, clarity, [clumsy 2],
[no potion heal 2]
a: Renounce Religion, Heroism, Finesse, Duel


You were on level 2 of the Abyss.
You worshipped Okawaru.
Okawaru was extremely pleased with you.
You visited 1 branch of the dungeon, and saw 12 of its levels.
You visited the Abyss 1 time.

You collected 753 gold pieces.

Inventory:

Hand Weapons
 a - a +0 flail
 d - a +3 flail of holy wrath (weapon)
Missiles
 h - 4 throwing nets (quivered)
Armour
 b - a +0 helmet (worn)
 c - a +0 buckler (worn)
 e - a +0 pair of gloves (worn)
 p - a +2 pair of boots (worn)
 z - the +0 scale mail of Complete Protection (worn) {rPois Str+5}
   (You found it on level 9 of the Dungeon)

   Str:       It affects your strength (+5).
   rPois:     It protects you from poison.
Jewellery
 l - an amulet of the acrobat
 o - the amulet of Ewnihuith (around neck) {RegenMP rN++ Regen+ Dex-3 Stlth+}
   (You found it on level 5 of the Dungeon)

   [amulet of magic regeneration]

   It increases your rate of magic regeneration.
   Dex:       It affects your dexterity (-3).
   rN:        It greatly protects you from negative energy.
   Regen:     It increases your rate of health regeneration.
   Stlth:     It makes you more stealthy.
 v - a ring of flight (left hand)
 y - a ring of protection from fire
 F - a ring of protection from fire
Wands
 m - a wand of polymorph (22)
 t - a wand of light (4)
 C - a wand of flame (28)
 H - a wand of iceblast (5)
Scrolls
 i - a scroll of enchant armour
 n - a scroll of poison
 s - a scroll of magic mapping
 I - a scroll of enchant weapon
Potions
 f - a potion of flight
 j - 9 potions of curing
 q - 2 potions of haste
 r - a potion of berserk rage
 u - a potion of resistance {unknown}
 w - a potion of attraction {unknown}
 x - a potion of invisibility
 A - 2 potions of brilliance
 D - a potion of might
 G - a potion of cancellation {unknown}


   Skills:
 * Level 15.1 Fighting
 * Level 10.4 Maces & Flails
 + Level 11.2 Armour
 + Level 11.1 Shields
 + Level 2.5 Invocations


You had 12 spell levels left.
You didn't know any spells.
Your spell library contained the following spells:

 Spells                   Type           Power      Damage    Failure   Level
 Magic Dart               Conj           0%         1d3       65%         1
 Gell's Gravitas          Tloc           0%         N/A       95%         3
 Mephitic Cloud           Conj/Pois/Air  0%         N/A       95%         3
 Teleport Other           Tloc           0%         N/A       95%         3
 Olgreb's Toxic Radiance  Pois           0%         N/A       100%        4
 Dispersal                Tloc           0%         N/A       100%        6
 Ozocubu's Refrigeration  Ice            0%         4d5       100%        7
 Ignition                 Fire           0%         3d3       100%        8
 Call Imp                 Summ           Unusable   N/A       N/A         2

Dungeon Overview and Level Annotations

Branches:
Dungeon (12/15)            Temple (0/1) D:7            Lair (0/6) D:10
    Orc (0/2) D:11

Altars:
Cheibriados
Nemelex Xobeh
Okawaru
Ru
Trog
Wu Jian
Xom
Zin
The Shining One

Shops:
D:2 ?:*

Annotations:
D:12 Psyche


Innate Abilities, Weirdness & Mutations

You are immune to sickness and miasma.
Your stone body is resilient. (AC +9)
You are immune to poison.
You resist negative energy. (rN+)
You are resistant to electric shocks. (rElec)
You are resistant to unholy torment.
You are immune to petrification.
You possess an exceptional clarity of mind.
[You are very clumsy. (Dex -4)]
[Potions cannot restore your health.]


Message History

You destroy the wretched star!
Okawaru accepts your kill.
You barely miss the large abomination. The large abomination hits you!
* * * LOW HITPOINT WARNING * * *
You sock the large abomination!
The large abomination convulses!
The large abomination is heavily damaged.
You barely miss the large abomination.
The large abomination is heavily damaged.
You hit the large abomination but do no damage.
The large abomination is heavily damaged.
You are no longer berserk.
You are exhausted.
You feel yourself slow down.
The large abomination hits you but does no damage.
You bludgeon the large abomination!!
You destroy the large abomination!
Okawaru accepts your kill.
A cacodemon comes into view.
The cacodemon shouts!
A small abomination comes into view.
The cacodemon hits you but does no damage.
The cacodemon hits you.
* * * LOW HITPOINT WARNING * * *
You hit the cacodemon but do no damage.
The cacodemon hits you but does no damage.
The cacodemon hits you!
* * * LOW HITPOINT WARNING * * *
You hit the cacodemon.
The cacodemon convulses.
The cacodemon is lightly wounded.
The cacodemon barely misses you.
The cacodemon hits you but does no damage.
The cacodemon gestures at you.
You feel as though you will be slow longer.
As you read the scroll of fear, it crumbles to dust.
You assume a fearsome visage.
The cacodemon resists with almost no effort.
The small abomination is unaffected.
The cacodemon gestures at you. The bolt of energy hits you!!
You die...

.# .#
.# .
.#.#
# >#.
.# ..
#.
[#x
#2##
#@.#
#...#
#...#
#...#
###.#
.# ..
.##


You could see a cacodemon and a small abomination.

Vanquished Creatures
  A deep elf elementalist (Abyss:2)
  The ghost of Tiareth the Destroyer, a journeyman MeCj of Vehumet (D:10)
  2 hydras (D:11)
  A boulder beetle (D:11)
  A centaur warrior (D:10)
  4 two-headed ogres
  3 death yaks (D:10)
  A wretched star (Abyss:2)
  Pikel (D:5)
  3 spectral centaurs (D:10)
  A cyclops (D:11)
  A gargoyle (D:10)
  2 trolls
  Grinder (D:5)
  2 hornets
  A small abomination (Abyss:2)
  2 centaur simulacra (D:10)
  6 spriggans (D:9)
  5 wyverns
  A shadow (D:9)
  A vampire (D:10)
  33 yaks
  2 wraiths
  A steam dragon (D:7)
  A large abomination (Abyss:2)
  Edmund (D:5)
  3 acid dragons
  A water moccasin (D:6)
  5 orc warriors
  A swamp drake (D:11)
  2 ice beasts
  A black bear (D:6)
  3 ogres
  3 centaurs
  Blork the orc (D:5)
  5 kobold brigands
  4 bullfrogs
  6 necrophages
  3 gnoll sergeants (D:11)
  3 scorpions
  6 wights (D:7)
  17 killer bees
  9 howler monkeys
  2 hounds
  6 orc priests
  Jessica (D:3)
  2 gnoll shamans
  3 iguanas
  Terence (D:3)
  13 orc wizards
  A scorpion zombie (D:3)
  4 adders
  32 gnolls
  A white imp (D:4)
  3 worms
  4 dart slugs
  33 orcs
  5 endoplasms
  3 giant cockroaches
  9 goblins
  4 hobgoblins
  7 jackals
  25 kobolds
  4 quokkas
  7 ball pythons
  A ball python zombie (D:3)
  3 bats
  2 frilled lizards
  A giant cockroach zombie (D:3)
  A quokka zombie (D:3)
  2 rats (D:1)
332 creatures vanquished.

Vanquished Creatures (others)
  An orc wizard (D:4)
1 creature vanquished.

Grand Total: 333 creatures vanquished

Notes
Turn   | Place    | Note
-------+----------+-------------------------------------------
     0 | D:1      | vineage the Gargoyle Fighter began the quest for the Orb.
     0 | D:1      | Reached XP level 1. HP: 14/14 MP: 1/1
    34 | D:1      | Reached XP level 2. HP: 11/19 MP: 2/2
   525 | D:1      | Reached XP level 3. HP: 24/24 MP: 3/3
  1027 | D:2      | Reached skill level 4 in Fighting
  1044 | D:2      | Found Juadig's Assorted Antiques.
  1262 | D:2      | Reached XP level 4. HP: 19/29 MP: 4/4
  1484 | D:2      | Found Maucw's Magic Scroll Emporium.
  1540 | D:2      | Found Plog's Book Boutique.
  1584 | D:2      | Found a faded altar of an unknown god.
  2139 | D:3      | Found a sparkling altar of Nemelex Xobeh.
  2159 | D:3      | Noticed Jessica
  2163 | D:3      | Noticed Terence
  2173 | D:3      | Killed Terence
  2196 | D:3      | Killed Jessica
  2197 | D:3      | Reached XP level 5. HP: 25/34 MP: 5/5
  2703 | D:3      | Reached skill level 5 in Fighting
  3284 | D:3      | Reached XP level 6. HP: 40/40 MP: 6/6
  3463 | D:4      | Found a shimmering altar of Xom.
  3708 | D:4      | Gained mutation: You are frail. (-10% HP) [potion of
                  | mutation]
  3708 | D:4      | Gained mutation: You are strong-willed. (Will+) [potion of
                  | mutation]
  3708 | D:4      | Gained mutation: Your large and strong wings let you fly.
                  | [potion of mutation]
  3709 | D:4      | Lost mutation: You are strong-willed. (Will+) [potion of
                  | mutation]
  3709 | D:4      | Lost mutation: You are frail. (-10% HP) [potion of
                  | mutation]
  3709 | D:4      | Lost mutation: Your large and strong wings let you fly.
                  | [potion of mutation]
  3709 | D:4      | Gained mutation: You possess an exceptional clarity of
                  | mind. [potion of mutation]
  3876 | D:4      | Found a glowing silver altar of Zin.
  3953 | D:5      | Entered Level 5 of the Dungeon
  3961 | D:5      | Reached XP level 7. HP: 42/45 MP: 7/7
  4009 | D:4      | Reached skill level 6 in Fighting
  4230 | D:4      | Reached skill level 5 in Armour
  4542 | D:4      | Reached skill level 5 in Shields
  4956 | D:5      | Identified the amulet of Ewnihuith {RegenMP rN++ Regen+
                  | Dex-3 Stlth+}
  5015 | D:5      | Noticed Grinder
  5018 | D:5      | Paralysed by Grinder for 3 turns
  5024 | D:5      | Paralysed by Grinder for 3 turns
  5029 | D:5      | Paralysed by Grinder for 3 turns
  5041 | D:5      | Killed Grinder
  5042 | D:5      | Reached skill level 7 in Fighting
  5042 | D:5      | Reached XP level 8. HP: 53/53 MP: 8/8
  5226 | D:5      | Noticed Blork the orc
  5227 | D:5      | Noticed Edmund
  5253 | D:5      | Killed Edmund
  5257 | D:5      | Killed Blork the orc
  5279 | D:5      | Found an iron altar of Okawaru.
  5446 | D:5      | Noticed Pikel
  5503 | D:5      | Became a worshipper of Warmaster Okawaru
  5579 | D:5      | Killed Pikel
  5579 | D:5      | Reached * piety under Okawaru
  5580 | D:5      | Reached skill level 8 in Fighting
  5580 | D:5      | Reached skill level 5 in Maces & Flails
  5580 | D:5      | Reached XP level 9. HP: 52/60 MP: 9/9
  5852 | D:6      | Reached skill level 9 in Fighting
  5919 | D:6      | Reached ** piety under Okawaru
  6207 | D:6      | Found a bloodstained altar of Trog.
  6626 | D:6      | Reached skill level 10 in Fighting
  6649 | D:6      | Reached *** piety under Okawaru
  6868 | D:7      | Reached XP level 10. HP: 56/68 MP: 10/10
  6909 | D:7      | Found a staircase to the Ecumenical Temple.
  7430 | D:8      | Noticed a two-headed ogre
  7451 | D:7      | Killed a two-headed ogre
  7456 | D:7      | Reached **** piety under Okawaru
  7467 | D:8      | Reached skill level 11 in Fighting
  7557 | D:8      | Found a sacrificial altar of Ru.
  7712 | D:8      | Found a snail-covered altar of Cheibriados.
  7841 | D:8      | Identified the +0 leather armour "Ynidgh" {rC+}
  8162 | D:9      | Noticed a two-headed ogre
  8176 | D:9      | Killed a two-headed ogre
  8458 | D:8      | Reached XP level 11. HP: 33/76 MP: 11/11
  8467 | D:8      | Reached ***** piety under Okawaru
  8551 | D:9      | Reached skill level 12 in Fighting
  8634 | D:9      | Received a gift from Okawaru
  8891 | D:9      | Noticed a two-headed ogre
  8893 | D:9      | Identified the +0 scale mail of Complete Protection {rPois
                  | Str+5}
  8902 | D:9      | Killed a two-headed ogre
  8950 | D:9      | Noticed a two-headed ogre
  8960 | D:9      | Killed a two-headed ogre
  9253 | D:9      | Received a gift from Okawaru
  9253 | D:9      | Found the +4 robe of Folly {Brilliance Will-∞ Int+8}
  9553 | D:10     | Entered Level 10 of the Dungeon
  9586 | D:9      | Reached skill level 13 in Fighting
  9792 | D:10     | Found a staircase to the Lair.
  9792 | D:10     | Noticed a death yak
  9793 | D:10     | Noticed a death yak
  9793 | D:10     | Noticed a death yak
  9827 | D:10     | Killed a death yak
  9828 | D:10     | Reached XP level 12. HP: 22/84 MP: 12/12
  9844 | D:10     | Reached skill level 10 in Armour
 10021 | D:10     | Killed a death yak
 10022 | D:10     | Reached skill level 10 in Shields
 10033 | D:10     | Killed a death yak
 10378 | D:10     | Found a glowing golden altar of the Shining One.
 10507 | D:10     | Noticed a centaur warrior
 10523 | D:10     | Killed a centaur warrior
 10524 | D:10     | Reached skill level 14 in Fighting
 10623 | D:10     | Found a runed translucent gate.
 10657 | D:10     | Found a runed translucent gate.
 10657 | D:10     | Found a runed translucent gate.
 10659 | D:10     | Noticed Tiareth's ghost (journeyman MeCj)
 10745 | D:10     | Found an ornate altar of the Wu Jian Council.
 10932 | D:10     | Killed Tiareth's ghost
 11217 | D:11     | Noticed a five-headed hydra
 11232 | D:11     | Killed a five-headed hydra
 11232 | D:11     | Identified the +0 chain mail "Ecraoxte" {rPois rN+++ Str-5
                  | Dex-4} (Okawaru gifted it to you on level 11 of the
                  | Dungeon)
 11232 | D:11     | Received a gift from Okawaru
 11354 | D:11     | Noticed a four-headed hydra
 11362 | D:11     | Killed a four-headed hydra
 11522 | D:11     | Noticed a boulder beetle
 11546 | D:11     | Killed a boulder beetle
 11614 | D:11     | Reached skill level 1 in Invocations
 12061 | D:11     | Reached skill level 10 in Maces & Flails
 12120 | D:11     | Reached XP level 13. HP: 84/91 MP: 14/14
 12154 | D:11     | Reached skill level 15 in Fighting
 12204 | D:11     | Found a staircase to the Orcish Mines.
 12525 | D:12     | Noticed Psyche
 12536 | D:12     | Cast into level 1 of the Abyss (Psyche)
 12569 | Abyss:1  | Identified the +1 tower shield "Vaidiw" {+Inv rPois Str-5
                  | Int+4}
 12569 | Abyss:1  | Noticed a daeva
 12589 | Abyss:2  | Found a corrupted altar of Lugonu.
 12630 | Abyss:2  | Noticed a deep elf elementalist
 12658 | Abyss:2  | Killed a deep elf elementalist
 12674 | Abyss:2  | Noticed a cacodemon
 12679 | Abyss:2  | Blown up by a cacodemon

Illustrated notes

Levels and vault maps discovered:
D:1:      saegor_arrival_simple_c, layout_rooms
D:2:      layout_basic, ebering_ecumenical_altar_abandoned, serial_shops, shop,
          nicolae_shop_hallway_plus, shop
D:3:      layout_basic, nemelex_spade_bored_becter, serial_undead,
          serial_undead_f, serial_undead_f, serial_undead_c, serial_undead_f,
          uniq_jessica, uniq_terence
D:4:      layout_rooms, brannock_xom_greatest_gift, zin_scriptorium
D:5:      layout_rooms, old_standard_altar, uniq_blork_the_orc, uniq_edmund,
          uniq_pikel, uniq_grinder
D:6:      layout_rooms, bloody_trog, roderic_st_hans_cross, grunt_ministairs_2
D:7:      layout_gridville, minmay_temple_entry_steel_oval
D:8:      layout_loops_ring, mainiacjoe_overflow_small_starburst,
          hangedman_ru_absence
D:9:      kb_forest_paths, layout_small_grid
D:10:     layout_stronghold, tso_metal_star, pdpol_wu_jian_five_deadly_venoms,
          dpeg_lair_monsters, gammafunk_ghost_necromancy, lemuel_flame_loot_1
D:11:     layout_irregular_city, erik_orc_1, serial_co_window_serial,
          co_window_corner_a, co_window_cross_1, co_window_paths_a,
          co_window_paths_a, co_window_of_opportunity_a,
          co_window_of_opportunity_c, co_window_2corner,
          co_window_unsneaky_path_b, co_window_2corner, co_window_corner_b,
          co_window_paths_d, glass_columns_b
D:12:     layout_stronghold, uniq_psyche, uniq_snorg, uniq_nergalle,
          uniq_erolcha
Abyss:2:  base: D:12, hangedman_decor_riveting, serial_sigils_hangedman_quiver

Skill      XL: |  1  2  3  4  5  6  7  8  9 10 11 12 13 |
---------------+----------------------------------------+-----
Fighting       | 4 5 7 8 10 11 13 14 15 | 15.1
Armour         | 4 5 6 7 8 9 11 | 11.2
Shields        | 4 5 6 7 8 9 10 11 | 11.1
Maces & Flails | 3 4 5 6 7 8 10 | 10.4
Invocations    | 1 2 |  2.5

Action                   |  1- 3 |  4- 6 |  7- 9 | 10-12 | 13-15 || total
-------------------------+-------+-------+-------+-------+-------++-------
Melee: Flail             |   128 |   202 |   313 |   884 |    91 ||  1618
Invok: Heroism           |       |       |       |    15 |     2 ||    17
  Use: Scroll            |     2 |     7 |     6 |     7 |     2 ||    24
       Potion            |       |     4 |     3 |       |     2 ||     9
 Stab: Confused          |       |       |       |       |     1 ||     1
Armor: Scale mail        |    99 |    10 |       |   428 |    65 ||   602
       Plate armour      |       |   135 |   290 |   344 |       ||   769
Dodge: Dodged            |    74 |    81 |   117 |   480 |    35 ||   787
Block: Buckler           |    28 |    51 |    77 |   287 |    26 ||   469

Table legend: (Time is in decaauts)
 A = Elapsed time spent in this place.
 B = Non-inter-level travel time spent in this place.
 C = Inter-level travel time spent in this place.
 D = Time resting spent in this place.
 E = Time spent auto-exploring this place.
 F = Levels seen in this place.
 G = Mean time per level.
                   A        B        C        D        E       F      G
               +--------+--------+--------+--------+--------+-----+--------+
         Total |  12846 |  12334 |    512 |   1875 |   7390 |  14 |  917.6 |
       Dungeon |  12710 |  12198 |    512 |   1875 |   7390 |  12 | 1059.2 |
         Abyss |    136 |    136 |      0 |      0 |      0 |   2 |   68.0 |
               +--------+--------+--------+--------+--------+-----+--------+

Top non-repeatable levels by time:
     D:4: 1542 daAuts
    D:11: 1424 daAuts
    D:10: 1410 daAuts
     D:9: 1340 daAuts
     D:3: 1302 daAuts
     D:2: 1205 daAuts
     D:7: 1063 daAuts
     D:1: 942 daAuts
     D:5: 938 daAuts
     D:8: 852 daAuts
     D:6: 631 daAuts
 Abyss:2: 85 daAuts
    D:12: 56 daAuts
 Abyss:1: 51 daAuts
